 Dungeon Crawl Stone Soup version 0.16.1-11-g651b585 (webtiles) character file.

375 Zugr the Insei (level 6, -8/47 HPs)
             Began as a Draconian Transmuter on Mar 31, 2015.
             Killed by divine providence
             ... invoked by an orc priest
              (12 damage)
             ... on level 4 of the Dungeon.
             The game lasted 00:17:41 (4921 turns).

Zugr the Insei (Draconian Transmuter)               Turns: 4921, Time: 00:17:41

Health: -8/47      AC:  8    Str: 12    XL:     6   Next: 44%
Magic:  6/10       EV: 12    Int: 13    God:
Gold:   183        SH:  0    Dex: 14    Spells: 2 memorised, 5 levels left

rFire  . . .     SeeInvis .       - Unarmed
rCold  . . .     Clarity  .     (armour unavailable)
rNeg   . . .     SustAb   +     (no shield)
rPois  .         Gourm    .     r - +1 hat
rElec  .         Spirit   .     (no cloak)
rCorr  +         Warding  .     (no gloves)
rMut   .         Stasis   .     q - +0 pair of boots
MR     +....                    j - amulet of resist corrosion
Stlth  +.........               o - ring of sustain abilities
                                h - ring of protection from magic

@: very slightly contaminated, somewhat resistant to hostile enchantments, very
unstealthy
A: unfitting armour, cold-blooded, AC +6
a: no special abilities


You were on level 4 of the Dungeon.
You were hungry.

You visited 1 branch of the dungeon, and saw 4 of its levels.

You collected 183 gold pieces.

Inventory:

Missiles
 b - 23 arrows
 f - 11 stones (quivered)
Armour
 q - a +0 pair of boots (worn)
 r - a +1 hat (worn)
Jewellery
 h - a ring of protection from magic (left hand)
 j - an amulet of resist corrosion (around neck)
 o - a ring of sustain abilities (right hand)
 v - an uncursed ring of fire
Magical devices
 z - a wand of cold (6)
Scrolls
 c - 4 scrolls of remove curse
 m - 2 scrolls of teleportation
 p - 2 scrolls of random uselessness {unknown}
 u - a scroll of identify {unknown}
 w - a scroll of recharging {unknown}
 y - a scroll of enchant weapon {unknown}
Potions
 e - 2 potions of curing
 g - 2 potions of lignification {unknown}
 k - a potion of degeneration {unknown}
 l - a potion of cure mutation {unknown}
 n - a potion of brilliance {unknown}
 s - a potion of heal wounds {unknown}
 t - a potion of restore abilities {unknown}
 A - a potion of poison {unknown}
Books
 d - a book of Changes

   Spells                             Type                      Level
   a - Beastly Appendage              Transmutation                1
   b - Sticks to Snakes               Transmutation                2
   c - Spider Form                    Transmutation/Poison         3
   d - Ice Form                       Ice/Transmutation            4
   e - Blade Hands                    Transmutation                5
Comestibles
 a - 4 bread rations
 i - 3 meat rations
 x - 4 chunks of flesh


   Skills:
 - Level 1.1 Fighting
 - Level 1.7 Dodging
 + Level 7.1 Unarmed Combat
 - Level 2.0 Spellcasting
 + Level 2.5 Transmutations


You had 5 spell levels left.
You knew the following spells:

 Your Spells              Type           Power        Failure   Level  Hunger
a - Beastly Appendage     Trmt           #.....       10%         1    ##.....
b - Spider Form           Trmt/Pois      #.........   52%         3    ####...


Dungeon Overview and Level Annotations

Branches:
Dungeon (4/15)
 Temple: D:4-7

Altars:
Fedhas
Qazlal


Innate Abilities, Weirdness & Mutations

Your plain brown scales are hard (AC +6).
Your body does not fit into most forms of armour.
Your cold-blooded metabolism reacts poorly to cold.


Message History

An orc priest comes into view. It is wielding a mace.
The orc priest shouts!
You bite the gnoll!
You kill the gnoll!
Your transformation has ended.
Your +1 hat unmelds from your body.
Your +0 pair of boots unmelds from your body.
The gnoll hits you from afar with a spear.
* * * LOW HITPOINT WARNING * * *
The gnoll hits you but does no damage. The gnoll hits you with a spear.
* * * LOW HITPOINT WARNING * * *
An orc comes into view. It is wielding a flail.
Items here: )) [ † a whip; a leather armour; a flail; a gnoll corpse The gnoll hits you but does no damage.
The gnoll hits you from afar with a spear.
* * * LOW HITPOINT WARNING * * *
The orc priest invokes the aid of Beogh against you.
Something smites you!
You die...

#..........##########
#..........#
#..........#
##########.# # #.# .#
#.# ..# #.# ...#
...####.#####....###
.........@.ggoo<.....
...#########o.#o.##.
g.... .##..# .# .# .#
# ##


You could see 2 orc priests, 2 gnolls and 2 orcs.

Vanquished Creatures
  Sigmund (D:2)
  A gnoll shaman (D:4)
  An orc priest (D:3)
  A worker ant (D:3)
  Robin (D:2)
  5 adders
  2 gnolls (D:4)
  3 worms
  3 giant geckos
  3 oozes
  7 orcs (D:3)
  2 ball pythons
  5 bats
  20 hobgoblins
  9 kobolds
  4 quokkas
  9 giant cockroaches
  5 giant newts
  23 goblins
  4 jackals (D:3)
  11 rats
120 creatures vanquished.

Vanquished Creatures (others)
  A hobgoblin (D:1)
1 creature vanquished.

Grand Total: 121 creatures vanquished

Notes
Turn   | Place    | Note
--------------------------------------------------------------
     0 | D:1      | Zugr, the Draconian Transmuter, began the quest for the Orb.
     0 | D:1      | Reached XP level 1. HP: 16/16 MP: 3/3
   239 | D:1      | Reached XP level 2. HP: 21/23 MP: 2/4
   437 | D:1      | Reached skill level 4 in Unarmed Combat
   993 | D:1      | Reached XP level 3. HP: 24/28 MP: 4/6
  1079 | D:2      | Noticed Sigmund
  1178 | D:2      | Noticed Robin
  1329 | D:1      | Learned a level 3 spell: Spider Form
  1337 | D:2      | Killed Robin
  1654 | D:2      | Reached XP level 4. HP: 22/35 MP: 5/7
  1896 | D:2      | Killed Sigmund
  1896 | D:2      | Reached skill level 5 in Unarmed Combat
  1896 | D:2      | Reached XP level 5. HP: 4/40 MP: 7/9
  2102 | D:2      | Found a stormy altar of Qazlal.
  2204 | D:2      | Noticed an earth elemental
  2204 | D:2      | Noticed a water elemental
  2205 | D:2      | Noticed a fire elemental
  2205 | D:2      | Noticed an air elemental
  2743 | D:2      | Reached skill level 6 in Unarmed Combat
  4048 | D:3      | Reached XP level 6. HP: 47/47 MP: 8/10
  4074 | D:3      | Found a blossoming altar of Fedhas.
  4599 | D:3      | Reached skill level 7 in Unarmed Combat
  4921 | D:4      | Killed from afar by an orc priest

Action                   |  1- 3 |  4- 6 || total
-------------------------+-------+-------++-------
Melee: Unarmed           |   138 |   243 ||   381
Throw: Stone             |     1 |    50 ||    51
 Cast: Beastly Appendage |    24 |    47 ||    71
       Spider Form       |     1 |     1 ||     2
  Use: Scroll            |       |     2 ||     2
       Potion            |       |     1 ||     1
  Eat: Chunk             |     4 |    11 ||    15
